Map: Dusk Towers

Players

TcUltimate - Winner!

  • Race: Protoss Protoss
  • League: Grandmaster

Miszu

  • Race: Terran Terran
  • League: Grandmaster

VOD

Have the link to the VOD?

Description

Time

  • Played on: May 27, 2016, 1:30 p.m.
  • Length: 10:54
Show
View Real Time Build Order
Export as new Build Order

TcUltimate Protoss - Winner!

Build Orders: 1 Gate Expand, Oracle Opening 

Get SALT Encoding   

  12  0:02  Probe (Chrono Boost)  
  13  0:12  Probe (Chrono Boost)  
  14  0:21  Pylon  
  14  0:23  Probe (Chrono Boost)  
  15  0:39  Probe (Chrono Boost)  
  15  0:41  Gateway  
  15  0:42  Assimilator  
  16  0:50  Probe (Chrono Boost)  
  17  1:01  Probe (Chrono Boost)  
  19  1:11  Probe (Chrono Boost)  
  19  1:22  Probe (Chrono Boost)  
  19  1:25  Nexus  
  20  1:32  Probe (Chrono Boost)  
  21  1:38  Cybernetics Core  
  21  1:43  Probe (Chrono Boost)  
  21  1:45  Assimilator  
  22  1:51  Pylon  
  22  1:54  Probe (Chrono Boost)  
  23  2:10  Probe (Chrono Boost)  
  23  2:15  Adept (Chrono Boost)  
  26  2:20  Probe (Chrono Boost)  
  27  2:23  Stargate  
  26  2:31  Probe  
  26  2:35  Warp Gate  
  26  2:36  Probe  
  27  2:43  Probe  
  31  2:46  Probe  
  31  3:04  Nexus  
  32  3:07  Oracle (Chrono Boost), Probe  
  32  3:10  Probe  
  36  3:20  Probe  
  36  3:21  Probe  
  37  3:31  Probe  
  37  3:32  Probe  
  39  3:39  Pylon  
  39  3:40  Oracle (Chrono Boost)  
  42  3:42  Probe  
  42  3:44  Probe  
  44  3:52  Probe  
  45  3:56  Probe  
  45  3:57  Gateway x2  
  45  4:01  Gateway  
  46  4:03  Probe  
  46  4:08  Probe  
  48  4:10  Twilight Council  
  48  4:12  Forge  
  48  4:16  Assimilator  
  48  4:17  Assimilator  
  48  4:18  Mothership Core  
  48  4:21  Probe x2  
  52  4:26  Pylon  
  52  4:31  Protoss Ground Weapons Level 1, Probe  
  52  4:33  Probe  
  52  4:37  Probe  
  54  4:43  Probe  
  56  4:46  Probe  
  56  4:48  Blink (Chrono Boost), Probe  
  58  4:55  Probe  
  58  4:58  Probe x2  
  61  5:07  Pylon, Probe  
  61  5:12  Probe  
  61  5:13  Sentry x2  
  67  5:15  Gateway  
  67  5:16  Gateway x2  
  67  5:17  Sentry, Probe  
  70  5:22  Gateway  
  70  5:23  Probe  
  70  5:24  Probe  
  72  5:28  Pylon, Probe  
  72  5:34  Pylon  
  73  5:35  Probe  
  73  5:39  Probe x2  
  76  5:47  Probe  
  77  5:51  Stalker x3  
  77  5:52  Probe x2  
  77  5:56  Assimilator  
  85  6:00  Forge, Assimilator  
  85  6:05  Probe  
  85  6:09  Robotics Facility  
  85  6:11  Pylon  
  86  6:17  Protoss Ground Weapons Level 2 (Chrono Boost)  
  86  6:19  Pylon  
  86  6:22  Probe  
  87  6:26  Pylon  
  87  6:28  Pylon  
  87  6:30  Stalker x3  
  87  6:31  Stalker  
  95  6:37  Probe  
  96  6:41  Stalker  
  96  6:45  Robotics Facility  
  98  6:48  Protoss Ground Armor Level 1 (Chrono Boost), Probe  
  99  6:54  Probe  
  99  6:57  Resonating Glaives (Chrono Boost)  
  99  6:58  Robotics Bay  
  99  6:59  Warp Prism (Chrono Boost)  
  99  7:09  Pylon  
  99  7:11  Stalker x4  
  107  7:17  Pylon  
  107  7:21  Stalker x3  
  113  7:25  Pylon  
  113  7:44  Observer (Chrono Boost)  
  112  7:46  Adept x4  
  112  7:47  Adept x3  
  129  7:55  Disruptor (Chrono Boost)  
  129  8:02  Disruptor (Chrono Boost)  
  129  8:04  Pylon  
  132  8:05  Pylon  
  132  8:15  Pylon  
  132  8:18  Pylon  
  132  8:22  Templar Archives  
  132  8:26  Photon Cannon  
  132  8:28  Photon Cannon  
  132  8:35  Disruptor (Chrono Boost)  
  132  8:38  Adept, Pylon  
  132  8:39  Adept x5, Disruptor (Chrono Boost)  
  132  8:40  Adept  
  152  8:42  Pylon  
  150  8:55  Probe  
  145  8:57  Psionic Storm, Photon Cannon  
  145  8:59  Stargate, Photon Cannon  
  141  9:03  Pylon  
  139  9:11  Nexus  
  139  9:13  Photon Cannon  
  139  9:30  High Templar x2  
  143  9:37  Probe  
  144  9:38  Photon Cannon  
  144  9:40  Photon Cannon  
  144  9:43  Void Ray (Chrono Boost), Photon Cannon  
  144  9:44  Photon Cannon  
  146  9:53  Pylon  
  146  10:04  Nexus  
  146  10:07  Pylon  
  146  10:14  Fleet Beacon  
  146  10:18  Pylon  
  146  10:23  Nexus  
  146  10:25  Pylon  
  146  10:29  High Templar x2  
  150  10:37  Probe x2  
  150  10:38  Probe  
Show
View Real Time Build Order
Export as new Build Order

Miszu Terran 

Build Orders: Reaper Expand, MMM Bio 

Get SALT Encoding   

  12  0:00  SCV  
  13  0:13  SCV  
  14  0:17  Supply Depot  
  14  0:25  SCV  
  15  0:39  Barracks, SCV  
  16  0:43  Refinery  
  16  0:51  SCV  
  17  1:03  SCV  
  18  1:17  SCV  
  19  1:27  Reaper  
  19  1:29  Orbital Command  
  20  1:40  Command Center  
  20  1:53  Supply Depot  
  20  1:54  SCV  
  20  1:59  Barracks Reactor  
  21  2:06  SCV  
  22  2:08  Engineering Bay  
  22  2:14  Barracks  
  22  2:22  SCV  
  23  2:28  Refinery  
  23  2:34  SCV  
  23  2:36  Marine, Terran Infantry Weapons Level 1  
  23  2:37  Marine  
  26  2:53  SCV  
  26  2:54  Marine x2  
  29  3:01  Orbital Command  
  29  3:04  Barracks Tech Lab  
  29  3:05  SCV  
  29  3:11  Marine  
  29  3:12  Marine  
  31  3:17  SCV  
  32  3:22  Marine, Stimpack  
  32  3:26  Orbital Command  
  33  3:29  Marine, SCV  
  33  3:30  Marine  
  36  3:36  Missile Turret  
  36  3:40  Marauder  
  38  3:43  SCV  
  38  3:46  Missile Turret  
  38  3:47  Marine  
  40  3:50  Factory  
  40  3:51  SCV  
  40  3:55  SCV  
  42  3:59  Supply Depot  
  42  4:02  Marine  
  43  4:03  SCV  
  43  4:08  SCV  
  45  4:15  SCV  
  46  4:18  Barracks  
  46  4:20  Supply Depot  
  46  4:21  Marauder  
  48  4:24  SCV  
  48  4:28  Refinery, SCV  
  50  4:33  Terran Infantry Armor Level 1  
  50  4:36  Starport, SCV  
  50  4:38  Factory Reactor  
  51  4:40  SCV  
  51  4:43  Marine  
  51  4:44  Marine  
  54  4:46  Marauder  
  54  4:48  SCV  
  54  4:52  SCV  
  57  5:01  SCV  
  57  5:04  SCV  
  58  5:08  Supply Depot  
  58  5:09  Barracks Tech Lab  
  58  5:10  Marine x2  
  58  5:14  SCV  
  61  5:17  SCV  
  61  5:19  Supply Depot  
  62  5:21  Factory Reactor  
  62  5:30  Medivac x2  
  62  5:31  Marine x2, Combat Shields  
  62  5:34  Marauder  
  70  5:35  Armory  
  70  5:36  Refinery  
  70  5:38  Supply Depot  
  67  5:52  Command Center  
  67  5:53  Marine  
  67  5:54  Marine x2  
  70  5:57  Marine  
  70  6:03  Medivac  
  73  6:11  Marine x2  
  73  6:12  Marauder  
  73  6:13  Barracks  
  73  6:15  Marine  
  73  6:16  Barracks  
  73  6:18  SCV  
  79  6:22  SCV  
  80  6:30  Widow Mine x2, SCV  
  86  6:34  Terran Infantry Weapons Level 2  
  86  6:37  Supply Depot, SCV  
  86  6:40  Supply Depot  
  86  6:44  Concussive Shells  
  86  6:58  Missile Turret  
  86  6:59  Medivac x2, Marauder, SCV x2  
  94  7:06  Orbital Command  
  94  7:11  SCV x2  
  94  7:13  Barracks Reactor, Barracks Tech Lab  
  96  7:23  SCV x2  
  96  7:26  Barracks  
  96  7:27  Barracks  
  96  7:29  Liberator x2  
  94  7:30  Barracks  
  94  7:34  Marine, Marauder  
  94  7:35  SCV x2  
  100  7:44  SCV  
  100  7:47  SCV x2  
  100  7:48  Refinery  
  100  7:49  Refinery  
  100  7:51  Fusion Core  
  105  7:52  Starport  
  105  7:56  SCV  
  106  7:59  SCV  
  105  8:11  Marauder  
  105  8:12  Liberator  
  107  8:15  Marine  
  107  8:16  Marine, Marauder  
  107  8:17  Barracks Reactor, Barracks Tech Lab x2  
  109  8:21  Supply Depot x2, SCV x3  
  109  8:22  Supply Depot  
  109  8:25  Liberator  
  112  8:28  Starport Tech Lab  
  112  8:33  SCV x2  
  117  8:46  Liberator  
  113  8:51  Marine  
  113  8:52  Marauder  
  113  8:54  SCV x2  
  113  8:55  SCV  
  116  8:58  Marauder  
  116  9:01  Missile Turret x2  
  114  9:05  Advanced Ballistics  
  117  9:14  Marine, Marauder  
  120  9:19  Liberator  
  120  9:20  Liberator  
  120  9:22  Marine x2, Marauder  
  124  9:27  Supply Depot  
  124  9:28  Supply Depot, Liberator  
  124  9:34  Marine  
  131  9:43  Marauder  
  136  9:56  Reaper  
  136  10:08  Marine x6, Marauder  
  136  10:12  Supply Depot  
  144  10:14  Supply Depot  
  150  10:31  SCV  
Tags
 
Add a new tag
Caveats
  • Supply blocks, unpowered buildings, or Contaminate may cause inaccurate times.
  • Supply counts are checked every 10 seconds.